 Dungeon Crawl Stone Soup version 0.31-a0-152-g6aa68a64a1 (webtiles) character file.

Game seed: 15439935740745912663

122 qw the Shooter (level 4, -4/40 HPs)
             Began as a Minotaur Hunter on June 9, 2023.
             Slain by a gnoll
             ... wielding a +0 flail
              (7 damage)
             ... on level 2 of the Dungeon.
             The game lasted 00:00:33 (1332 turns).

qw the Shooter (Minotaur Hunter)                    Turns: 1332, Time: 00:00:34

Health: -4/40      AC:  5    Str: 16    XL:     4   Next: 78%
Magic:  3/3        EV: 11    Int:  6    God:
Gold:   122        SH:  0    Dex: 15    Spells: 3/3 levels left

rFire   + . .        a - +0 shortbow
rCold   . . .        (shield currently unavailable)
rNeg    . . .        e - +0 ring mail
rPois   .            (helmet restricted)
rElec   .            (no cloak)
rCorr   .            (no gloves)
SInv    .            (no boots)
Will    .....        (no amulet)
Stlth   +            d - ring of protection from fire
HPRegen 0.26/turn    (no ring)
MPRegen 0.08/turn

%: no passive effects
@: no status effects
A: horns 2, retaliatory headbutt
a: no special abilities


You were on level 2 of the Dungeon.
You visited 1 branch of the dungeon, and saw 2 of its levels.

You collected 122 gold pieces.


Innate Abilities, Weirdness & Mutations

You have a pair of horns on your head.
You reflexively headbutt those who attack you in melee.


   Skills:
 + Level 3.8 Fighting
 - Level 6.1 Ranged Weapons
 - Level 1.0 Armour
 - Level 2.1 Dodging
 - Level 0.7 Stealth


You had 3 spell levels left.
You didn't know any spells.
Your spell library was empty.

Inventory:

Hand Weapons
 a - a +0 shortbow (weapon)
Armour
 e - a +0 ring mail (worn)
Jewellery
 d - a ring of protection from fire (left hand)
Scrolls
 c - a scroll of amnesia {unknown}
 g - 2 scrolls of magic mapping {unknown}
Potions
 b - a potion of berserk rage {unknown}
 f - a potion of brilliance {unknown}

Dungeon Overview and Level Annotations

Branches:
Dungeon (2/15)

Altars:

Annotations:
D:1 2 transporters


Message History

The gnoll is moderately wounded.
The gnoll hits you but does no damage.
You shoot an arrow. The arrow barely misses the gnoll.
The arrow hits the rat!
You kill the rat!
The gnoll hits you but does no damage.
You shoot an arrow. The arrow closely misses the gnoll.
The arrow closely misses the adder.
The arrow hits the hobgoblin!
You kill the hobgoblin!
The gnoll barely misses you.
The gnoll hits you from afar with a +0 halberd!
You shoot an arrow.
The arrow hits the gnoll but does no damage.
The gnoll is moderately wounded.
The gnoll hits you with a +0 club. The gnoll barely misses you.
The adder bites you but does no damage.
You shoot an arrow. The arrow hits the gnoll.
The gnoll is moderately wounded.
The adder barely misses you. The gnoll closely misses you.
The gnoll barely misses you. The adder misses you. You furiously retaliate!
You headbutt the adder!
You kill the adder!
You shoot an arrow. The arrow hits the gnoll.
The gnoll is severely wounded.
The gnoll closely misses you. You furiously retaliate!
You headbutt the gnoll. The gnoll barely misses you.
The gnoll hits you from afar with a +0 halberd.
The gnoll hits you but does no damage. The gnoll hits you with a +0 club.
You shoot an arrow. The arrow hits the gnoll!
You kill the gnoll!
The gnoll hits you with a +0 flail! The gnoll closely misses you.
You shoot an arrow. The arrow barely misses the gnoll.
The gnoll closely misses you. The gnoll barely misses you.
You shoot an arrow. The arrow hits the gnoll.
The gnoll is moderately wounded.
The gnoll hits you from afar with a +0 halberd.
The gnoll hits you with a +0 flail.
You shoot an arrow. The arrow hits the gnoll.
The gnoll is heavily wounded.
The gnoll hits you with a +0 flail!
You die...

.#..... ....... .......
### ....... ##.###
#..[.. #.)..# ##.[..g
##.#.#
......)###############..
......g@............##..
.......#..^.########<###
.$.[...#....# #....
..######....# ###..## .
#....# #...).. #....#
#.##### #....# #......
#....# #####.. #....#
#.#


You could see 2 gnolls.

Vanquished Creatures
  5 gnolls (D:2)
  2 adders (D:2)
  A worm (D:1)
  4 dart slugs
  9 ball pythons
  6 endoplasms
  6 goblins
  2 hobgoblins
  2 quokkas
  3 bats
  3 frilled lizards
  A kobold (D:1)
  4 rats
48 creatures vanquished.

Notes
Turn   | Place    | Note
-------+----------+-------------------------------------------
     0 | D:1      | qw the Minotaur Hunter began the quest for the Orb.
     0 | D:1      | Reached XP level 1. HP: 18/18 MP: 0/0
     0 | D:1      | 0 ||| qw: Version: 0.2-a-121-gba3a3e5
     0 | D:1      | 0 ||| qw: Game counter: 3215
     0 | D:1      | 0 ||| qw: Always use a shield: true
     0 | D:1      | 0 ||| qw: God list: Okawaru
     0 | D:1      | 0 ||| qw: Allow faded altars: false
     0 | D:1      | 0 ||| qw: Do Orc after D:15 true
     0 | D:1      | 0 ||| qw: Do second Lair branch before Depths: true
     0 | D:1      | 0 ||| qw: Lair rune preference: random
     0 | D:1      | 0 ||| qw: Plans: Normal
     0 | D:1      | 0 ||| PLANNING D:1-11
    63 | D:1      | Reached XP level 2. HP: 25/25 MP: 1/1
   107 | D:1      | Reached skill level 5 in Ranged Weapons
   140 | D:1      | 140 ||| FLEEEEING.
   141 | D:1      | 141 ||| FLEEEEING.
   142 | D:1      | 142 ||| FLEEEEING.
   143 | D:1      | 143 ||| FLEEEEING.
   144 | D:1      | 144 ||| FLEEEEING.
   208 | D:1      | Reached skill level 3 in Fighting
   346 | D:1      | Reached XP level 3. HP: 15/31 MP: 2/2
   595 | D:1      | 595 ||| UPGRADING to +0 ring mail.
   605 | D:1      | 605 ||| DROPPING +0 leather armour.
   606 | D:1      | 606 ||| UPGRADING to ring of protection from fire.
   607 | D:1      | 607 ||| DROPPING scroll of butterflies.
   649 | D:2      | 649 ||| STAIRDANCE
   803 | D:2      | Reached skill level 1 in Armour
   922 | D:2      | Reached XP level 4. HP: 38/38 MP: 3/3
   936 | D:2      | Reached skill level 6 in Ranged Weapons
  1331 | D:2      | HP: 8/40 [gnoll/+0 halberd (3)]
  1331 | D:2      | HP: 3/40 [gnoll/+0 flail (5)]
  1332 | D:2      | Slain by a gnoll

Levels and vault maps discovered:
D:1:      spicycebolla_arrival_transporter_tutorial, layout_rooms,
          chequers_serial_rivers_micro_e, dreamdust_wishing_well
D:2:      layout_basic, dreamdust_ecumenical_altar_sealed_demon, serial_forest,
          infiniplex_forest_straight_2, infiniplex_forest_corner_1,
          infiniplex_forest_straight_2, infiniplex_forest_clump_diagonal,
          infiniplex_forest_straight_2, infiniplex_forest_end_2,
          infiniplex_forest_clump_long, nrook_loot_triangle, st_stairs_11

Skill      XL: |  1  2  3  4 |
---------------+-------------+-----
Ranged Weapons | 5 6 |  6.1
Fighting       | 3 |  3.8
Armour         | 1 |  1.0
Dodging        | |  2.1
Stealth        | |  0.7

Action                     |  1- 3 |  4- 6 || total
---------------------------+-------+-------++-------
   Fire: Shortbow          |   118 |    34 ||   152
 Armour: Leather armour    |     4 |       ||     4
         Ring mail         |    11 |     7 ||    18
  Dodge: Dodged            |    18 |    17 ||    35

Table legend:
 A = Non-vault XP
 B = Vault XP
 C = Vault XP percentage of total XP
 D = Non-vault monster count
 E = Vault monster count
 F = Vault count percentage of total count
                 A         B        C        D         E       F
            +---------+---------+-------+---------+---------+-------
      Total |     167 |       8 |   4.6 |      45 |       3 |   6.2
            +---------+---------+-------+---------+---------+-------
        D:1 |      50 |       5 |   9.1 |      29 |       1 |   3.3
        D:2 |     117 |       3 |   2.5 |      16 |       2 |  11.1
            +---------+---------+-------+---------+---------+-------
